 Dungeon Crawl Stone Soup version 0.15-a0-1119-g9b3a599 (webtiles) character file.

101 M4edhros the Skirmisher (level 4, -5/33 HPs)
             Began as an Octopode Chaos Knight on Mar 25, 2014.
             Was a Plaything of Xom.
             Shot with an arrow by a centaur (6 damage)
             ... on Level 5 of the Dungeon on May 29, 2014.
             The game lasted 00:03:50 (1158 turns).

M4edhros the Skirmisher (Octopode Chaos Knight)     Turns: 1158, Time: 00:03:51

HP  -5/33        AC  1     Str 11      XL: 4   Next: 75%
MP   4/4         EV 10     Int 15      God: Xom
Gold 56          SH 13     Dex 11      Spells:  0 memorised,  3 levels left

rFire  . . .     SeeInvis .     a - +0 spear (chaos)
rCold  . . .     Clarity  .     h - +0 shield
rNeg   + . .     rCorr    .     (helmet restricted)
rPois  .         rRot     .     d - amulet of warding
rElec  .         Spirit   .     (no ring)
SustAb .         Warding  +     (no ring)
rMut   .         Stasis   .     (no ring)
Gourm  .                        (no ring)
MR     .....                    (no ring)
                                (no ring)
                                (no ring)
                                (no ring)

@: lethally poisoned, not resistant to hostile enchantments, unstealthy
A: almost no armour, amphibious, 8 rings, constrict 8, camouflage 1, gelatinous
body 1
a: Renounce Religion


You were on level 5 of the Dungeon.
You worshipped Xom.
You were a toy of Xom.
You were hungry.

You visited 1 branch of the dungeon, and saw 5 of its levels.

You collected 56 gold pieces.

Inventory:

Hand weapons
 a - a +0,+0 spear of chaos (weapon)
 e - a +0,+2 dagger of speed
Missiles
 g - 2 steel tomahawks (quivered)
 k - a throwing net
Armour
 h - a +0 shield (worn)
Comestibles
 c - 3 bread rations
 f - 2 meat rations
Scrolls
 j - a scroll of enchant weapon II
Jewellery
 d - an amulet of warding (around mantle)


   Skills:
 + Level 4.0 Fighting
 + Level 3.8 Polearms
 + Level 3.3 Dodging
 - Level 0.4 Stealth


You had 3 spell levels left.
You didn't know any spells.

Dungeon Overview and Level Annotations

Branches:
Dungeon (5/15)
 Temple: D:4-7

Altars:


Innate Abilities, Weirdness & Mutations

You cannot wear most types of armour.
You are amphibious.
You can wear up to eight rings at the same time.
You can use your tentacles to constrict many enemies at once.
Your skin changes colour to match your surroundings (Stealth).
Your rubbery body absorbs attacks (AC +1).


Message History

You hit the bat zombie. Your grab misses the bat zombie.
* * * LOW HITPOINT WARNING * * *
You feel sick. The bat zombie closely misses you. The bat zombie hits you.
* * * LOW HITPOINT WARNING * * *
The bat zombie hits you but does no damage.
You aren't carrying any potions.
Read which item? (? for menu, Esc to quit)
As you read the scroll labeled TWOCVESS TEEMILI, it crumbles to dust.
Your nose twitches suddenly!
It was a scroll of random uselessness.
You block the bat zombie's attack. x2
The bat zombie barely misses you.
You hit the bat zombie.
Space bends around the bat zombie.
You destroy the bat zombie!
A centaur comes into view.
* * * LOW HITPOINT WARNING * * *
You feel sick.
The centaur shouts!
The centaur wields a shortbow.
The centaur shoots an arrow.
The arrow hits you.
You die...
Xom howls with laughter!

###...
#......
.:.... ....#
##.#.# #....#
#...%#
#..%.##.#
#.##@...#
#............
#...?#......
#......#....
.......##....
......... ..
......##
#....# c..


You could see a centaur.

Vanquished Creatures
  An orc priest (D:3)
  2 adders
  An orc zombie (D:5)
  5 giant geckos
  4 orcs (D:3)
  A bat zombie (D:5)
  A giant cockroach (D:2)
  5 hobgoblins
  6 bats
  2 giant newts (D:1)
  4 goblins
  7 kobolds
  3 rats
42 creatures vanquished.

Notes
Turn   | Place    | Note
--------------------------------------------------------------
     0 | D:1      | M4edhros, the Octopode Chaos Knight, began the quest for the Orb.
     0 | D:1      | Reached XP level 1. HP: 16/16 MP: 1/1
    30 | D:1      | Upgraded the game from 0.14-a0-3491-gb7ac591 to 0.15-a0-1119-g9b3a599
    78 | D:1      | XOM: harmless Chrm miscast
   158 | D:1      | Reached XP level 2. HP: 13/21 MP: 2/2
   743 | D:2      | Reached XP level 3. HP: 23/26 MP: 3/3
   943 | D:3      | Reached XP level 4. HP: 15/33 MP: 4/4
  1112 | D:4      | XOM: silly message
  1141 | D:5      | Entered Level 5 of the Dungeon
  1154 | D:5      | Reached skill level 4 in Fighting
  1155 | D:5      | HP: 1/33 [bat zombie (1)]
  1158 | D:5      | Noticed a centaur
  1158 | D:5      | Shot with an arrow by a centaur

Action                   |  1- 3 |  4- 6 || total
-------------------------+-------+-------++-------
Melee: Spear             |    64 |    22 ||    86
       Dagger            |     4 |       ||     4
  Use: Scroll            |     2 |     3 ||     5
       Potion            |       |     1 ||     1
 Stab: Sleeping          |     4 |     1 ||     5
